Map: Crête de Lerilak

Players

zidar

  • Race: Zerg Zerg
  • League: Silver
  • Spawn Location: 7:00

Frerin - Winner!

  • Race: Terran Terran
  • Spawn Location: 1:00

VOD

Have the link to the VOD?

Description

Time

  • Played on: Dec. 30, 2015, 7:33 a.m.
  • Length: 5:39
Show
View Real Time Build Order
Export as new Build Order

zidar Zerg 

Build Orders: Hatch First 

Get SALT Encoding   

  12  0:02  Drone  
  13  0:12  Overlord  
  13  0:17  Drone  
  14  0:30  Drone x2  
  14  0:35  Drone  
  17  0:56  Hatchery  
  16  0:59  Drone  
  17  1:14  Spawning Pool  
  16  1:20  Drone  
  16  1:23  Extractor  
  16  1:24  Drone  
  17  1:33  Drone x2  
  19  1:43  Overlord  
  19  2:01  Queen  
  19  2:04  Drone x2  
  23  2:13  Queen  
  25  2:19  Drone  
  25  2:20  Drone  
  27  2:23  Drone  
  27  2:29  Metabolic Boost  
  28  2:33  Zergling x2  
  28  2:36  Zergling x2  
  30  3:05  Drone x5  
  30  3:06  Drone  
  30  3:11  Roach Warren  
  35  3:28  Extractor  
  35  3:33  Extractor  
  33  3:40  Drone  
  33  3:41  Drone x2  
  36  3:43  Overlord  
  36  3:44  Overlord  
  36  4:03  Evolution Chamber  
  36  4:04  Roach  
  36  4:05  Roach x3  
  36  4:07  Roach  
  45  4:21  Extractor  
  44  4:29  Ravager  
  41  5:18  Drone  
  41  5:19  Drone x7  
Show
View Real Time Build Order
Export as new Build Order

Frerin Terran - Winner!

Build Orders:  

Get SALT Encoding   

  12  0:02  SCV  
  14  0:14  SCV  
  14  0:23  Supply Depot  
  14  0:26  SCV  
  15  0:37  Refinery  
  15  0:44  SCV  
  15  0:47  Barracks  
  16  0:56  SCV  
  17  1:09  SCV  
  18  1:16  Refinery  
  18  1:21  SCV  
  19  1:33  SCV  
  19  1:35  Barracks Tech Lab  
  19  1:36  Supply Depot  
  20  1:45  SCV  
  21  1:51  Factory  
  21  1:53  Marine  
  22  2:11  Marine  
  23  2:17  Factory, SCV  
  24  2:29  Marine, SCV  
  28  2:43  Widow Mine  
  28  2:48  SCV  
  28  2:49  Supply Depot  
  29  3:05  Barracks Reactor  
  29  3:08  Engineering Bay  
  29  3:12  Supply Depot  
  29  3:14  Siege Tank  
  29  3:17  Factory Reactor  
  32  3:22  SCV  
  32  4:06  Barracks Tech Lab  
  32  4:07  Starport  
  32  4:10  Supply Depot  
  32  4:12  SCV  
  32  4:16  Command Center  
  33  4:24  SCV  
  33  4:25  Siege Tank  
  37  4:32  Marauder  
  37  4:34  Supply Depot  
  39  4:45  Armory  
  39  4:50  SCV  
  40  4:57  Siege Tank  
  43  5:07  Orbital Command  
  45  5:17  Widow Mine  
Tags
 
League
Silver
Matchup
TvZ
Spawn Locations
Cross Positions
Add a new tag
Caveats
  • Supply blocks, unpowered buildings, or Contaminate may cause inaccurate times.
  • Supply counts are checked every 10 seconds.